AoeStats
← zamithdaniel

Black Forest

506302343Analyzed
3v3 RM · 20d ago on Sep 13, 2026· 87m 52s· 6 players
Game mode
Random Map
Map size
Normal (6 player)
Population
200
Speed
Normal
Resources
Standard
Victory
Conquest
Starting age
Dark Age
Ending age
Imperial Age
RankedLock teamsTeams togetherTeam positionsShared explorationLock speedFull tech treeHidden civsTurbo modeCheats
Victory
Defeat
🇨🇴 Britons · Colombia
880
+14
🇨🇴 Turks · Colombia
876
+14
🇨🇴 Persians · Colombia
812
+16
🇻🇳 Persians · Vietnam
846
-15
🇺🇸 Portuguese · United States
835
-29
🇺🇸 Spanish · United States
817
-14
heyo
2:52 Loom
14:05 Feudal Age
15:26 Wheelbarrow
15:42 Double-Bit Axe
19:14 Gold Mining
19:43 Horse Collar
24:16 Castle Age
22:17 Stone Mining
25:55 Hand Cart
28:32 Bow Saw
29:00 Heavy Plow
37:15 Imperial Age
43:01 Two-Man Saw
42:52 Scale Mail Armor
43:02 Forging
43:40 Conscription
42:53 Pikeman
44:59 Chemistry
43:41 Treadmill Crane
44:48 Stone Shaft Mining
43:44 Halberdier
50:15 Elite Skirmisher
52:56 Murder Holes
53:00 Fletching
53:46 Iron Casting
53:26 Chain Mail Armor
Elon Musket
0:45 Loom
15:56 Feudal Age
20:43 Castle Age
19:09 Double-Bit Axe
26:26 Horse Collar
29:57 Wheelbarrow
29:10 Town Watch
30:31 Gold Mining
30:31 Stone Mining
31:04 Bow Saw
35:58 Imperial Age
33:50 Hand Cart
33:35 Town Patrol
33:56 Caravan
34:28 Coinage
34:03 Fletching
37:12 Bodkin Arrow
37:29 Forging
37:24 Scale Barding Armor
37:33 Masonry
37:19 Murder Holes
37:13 Elite Skirmisher
38:11 Bracer
38:12 Scale Mail Armor
39:23 Two-Man Saw
37:54 Pikeman
38:37 Padded Archer Armor
38:01 Cavalier
38:51 Bloodlines
38:42 Husbandry
40:06 Paladin
40:38 Elite Conquistador
41:59 Thumb Ring
42:13 Leather Archer Armor
42:35 Iron Casting
42:20 Chain Barding Armor
42:16 Chain Mail Armor
42:18 Halberdier
42:44 Arson
42:59 Squires
43:36 Ring Archer Armor
43:16 Onager
47:22 Blast Furnace
46:52 Plate Mail Armor
46:57 Plate Barding Armor
47:50 Plate Mail Armor
47:55 Plate Barding Armor
Phước 8 Ngón
11:56 Feudal Age
13:06 Double-Bit Axe
13:15 Horse Collar
14:20 Wheelbarrow
15:25 Loom
21:48 Castle Age
21:47 Gold Mining
21:47 Stone Mining
23:25 Hand Cart
23:27 Fishing Lines
26:12 Heavy Plow
26:36 Stone Mining
27:21 Gold Shaft Mining
27:17 Bow Saw
27:56 Gillnets
28:46 Stone Shaft Mining
29:36 Caravan
31:21 Coinage
35:55 Imperial Age
33:57 Town Watch
34:21 Scale Barding Armor
34:17 Scale Mail Armor
34:28 Forging
36:06 Town Patrol
36:16 Murder Holes
37:21 Chemistry
37:01 Banking
36:41 Guilds
36:57 Elite War Elephant
38:03 Conscription
38:32 Crop Rotation
39:11 Two-Man Saw
38:33 Capped Ram
40:40 Citadels
40:19 Siege Ram
43:17 Ballistics
42:43 Siege Ram
44:56 Chain Barding Armor
44:52 Chain Mail Armor
45:13 Iron Casting
49:09 Blast Furnace
48:39 Plate Mail Armor
48:45 Plate Barding Armor
zamithdaniel
10:20 Feudal Age
11:06 Double-Bit Axe
11:09 Horse Collar
12:18 Loom
19:53 Castle Age
21:50 Gold Mining
22:43 Stone Mining
23:31 Gold Shaft Mining
27:54 Bow Saw
28:27 Wheelbarrow
27:39 Town Watch
28:40 Fishing Lines
30:29 Ballistics
30:35 Ballistics
32:49 Imperial Age
31:12 Heavy Plow
32:30 Hand Cart
33:59 Artillery
34:21 Conscription
33:22 Elite Janissary
35:36 Gillnets
36:34 Devotion
37:50 Padded Archer Armor
38:01 Forging
37:56 Scale Barding Armor
38:22 Bloodlines
38:12 Husbandry
40:36 Faith
40:44 Leather Archer Armor
41:05 Iron Casting
40:50 Chain Barding Armor
42:39 Ring Archer Armor
42:36 Caravan
43:07 Coinage
42:48 Guilds
44:29 Plate Barding Armor
44:55 Blast Furnace
51:18 Fletching
51:29 Scale Mail Armor
52:16 Fortified Wall
77:52 Banking
85:48 Spies/Treason
Dovahkyn
5:29 Loom
11:09 Feudal Age
17:41 Castle Age
19:57 Horse Collar
20:05 Double-Bit Axe
21:04 Fishing Lines
24:49 Heavy Plow
25:35 Gold Mining
27:53 Fletching
28:47 Bow Saw
31:44 Wheelbarrow
30:56 Town Watch
31:51 Gold Shaft Mining
31:20 Stone Mining
32:13 Padded Archer Armor
32:58 Bodkin Arrow
33:20 Leather Archer Armor
34:05 Hand Cart
37:31 Imperial Age
35:53 Caravan
37:20 Ballistics
36:40 Treadmill Crane
37:11 Masonry
36:30 Crossbowman
36:32 Elite Skirmisher
37:25 Forging
37:15 Scale Mail Armor
37:44 Onager
38:48 Conscription
38:54 Conscription
37:55 Elite Longbowman
43:54 Chemistry
43:00 Siege Engineers
43:05 Masonry
44:14 Iron Casting
43:54 Chain Mail Armor
43:40 Bracer
44:10 Ring Archer Armor
43:17 Pikeman
43:58 Squires
45:10 Two-Man Saw
44:49 Coinage
44:45 Yeomen
45:32 Halberdier
47:16 Blast Furnace
46:46 Plate Mail Armor
49:13 Fortified Wall
48:59 Murder Holes
50:42 Arrowslits
69:09 Heavy Scorpion
69:50 Heavy Scorpion
Griffith
0:46 Loom
12:14 Feudal Age
20:31 Castle Age
28:53 Horse Collar
30:15 Wheelbarrow
31:53 Padded Archer Armor
31:43 Fletching
32:00 Scale Barding Armor
31:56 Scale Mail Armor
32:07 Forging
35:43 Imperial Age
34:10 Leather Archer Armor
33:50 Bodkin Arrow
34:17 Chain Barding Armor
34:20 Kamandaran
35:10 Thumb Ring
35:46 Double-Bit Axe
36:06 Heavy Plow
36:23 Hand Cart
36:04 Gold Mining
38:07 Chemistry
37:28 Ballistics
38:25 Ring Archer Armor
38:30 Plate Barding Armor
38:25 Conscription
41:08 Plate Barding Armor
40:55 Crossbowman
42:37 Gold Shaft Mining
41:53 Stone Mining
41:49 Elite War Elephant
46:42 Heavy Cavalry Archer
54:40 Chain Mail Armor
55:00 Iron Casting
57:22 Pikeman
58:04 Squires
58:16 Halberdier
86:33 Spies/Treason
Connection lost

Rejoining the realm…

Still unreachable

The connection could not be restored.

Session expired

The server has moved on; the page needs a fresh start.